AoeStats
← Cuchodark_79

Arena

510463030Analyzed
1v1 RM · 12h ago on Oct 1, 2026· 46m 8s· 2 players
Game mode
Random Map
Map size
Tiny (2 player)
Population
200
Speed
Normal
Resources
Standard
Victory
Conquest
Starting age
Dark Age
Ending age
Imperial Age
RankedLock teamsTeams togetherTeam positionsShared explorationLock speedFull tech treeHidden civsTurbo modeCheats
Victory
Defeat
🇨🇱 Mapuche · Chile
1050
+16
🇨🇱 Poles · Chile
1045
-16
feloh10
5:22 Loom
8:24 Feudal Age
10:50 Double-Bit Axe
14:08 Fletching
15:36 Wheelbarrow
20:56 Castle Age
26:20 Scale Mail Armor
30:35 Chain Mail Armor
34:05 Szlachta Privileges
34:07 Scale Barding Armor
35:12 Bloodlines
35:02 Husbandry
35:52 Chain Barding Armor
36:49 Horse Collar
37:31 Forging
43:27 Hand Cart
42:58 Town Watch
Cuchodark_79
6:07 Loom
10:34 Feudal Age
12:21 Fletching
17:59 Castle Age
15:45 Double-Bit Axe
16:19 Stone Mining
17:35 Horse Collar
17:37 Champi Runner
18:55 Bodkin Arrow
21:10 Forging
23:08 Town Watch
23:59 Wheelbarrow
24:10 Bow Saw
28:57 Iron Casting
30:45 Padded Archer Armor
32:03 Leather Archer Armor
35:51 Imperial Age
33:42 Gold Mining
33:46 Crossbowman
35:41 Heavy Plow
36:12 Ballistics
38:01 Gold Shaft Mining
40:40 Chemistry
40:25 Hand Cart
43:17 Ring Archer Armor
43:38 Conscription
43:58 Stone Shaft Mining
44:52 Malon
45:09 Elite Bolas Rider
Connection lost

Rejoining the realm…

Still unreachable

The connection could not be restored.

Session expired

The server has moved on; the page needs a fresh start.